 Dungeon Crawl Stone Soup version 0.31-a0-231-g51bb95cda3 (webtiles) character file.

Game seed: 5059644417941261822

69 qw the Shooter (level 4, -2/36 HPs)
             Began as a Minotaur Hexslinger on July 6, 2023.
             Slain by Robin
             ... wielding a +0 mace of protection
              (3 damage)
             ... on level 2 of the Dungeon.
             The game lasted 00:00:39 (1458 turns).

qw the Shooter (Minotaur Hexslinger)                Turns: 1458, Time: 00:00:39

Health: -2/36      AC:  3    Str: 12    XL:     4   Next: 2%
Magic:  4/4        EV: 12    Int: 10    God:
Gold:   97         SH:  0    Dex: 15    Spells: 4/5 levels left

rFire   . . .        Y - +1 sling
rCold   . . .        (no shield)
rNeg    . . .        j - +0 leather armour
rPois   .            (helmet restricted)
rElec   .            (no cloak)
rCorr   .            (no gloves)
SInv    .            (no boots)
Will    .....        (no amulet)
Stlth   +            (no ring)
HPRegen 0.26/turn    (no ring)
MPRegen 0.09/turn

%: no passive effects
@: no status effects
A: horns 2, retaliatory headbutt
a: no special abilities


You were on level 2 of the Dungeon.
You visited 1 branch of the dungeon, and saw 2 of its levels.

You collected 97 gold pieces.


Innate Abilities, Weirdness & Mutations

You have a pair of horns on your head.
You reflexively headbutt those who attack you in melee.


   Skills:
 - Level 2.0 Fighting
 + Level 4.5 Ranged Weapons
 - Level 2.1 Dodging
 - Level 1.0 Spellcasting
 - Level 2.0 Hexes


You had 4 spell levels left.
You knew the following spells:

 Your Spells              Type           Power      Damage    Failure   Level
a - Slow                  Hex            16%        N/A       19%         1

Your spell library contained the following spells:

 Spells                   Type           Power      Damage    Failure   Level
 Inner Flame              Hex/Fire       2%         N/A       65%         3
 Portal Projectile        Hex/Tloc       4%         N/A       65%         3
 Cause Fear               Hex            2%         N/A       88%         4

Inventory:

Hand Weapons
 Y - a +1 sling (weapon)
Armour
 j - a +0 leather armour (worn)
Jewellery
 b - a +6 ring of dexterity
Scrolls
 c - a scroll of immolation {unknown}
 e - a scroll of fear {unknown}
 h - a scroll of identify {unknown}
Potions
 a - 2 potions of enlightenment {unknown}
 d - a potion of mutation {unknown}
 f - a potion of curing {unknown}
 g - a potion of brilliance {unknown}
 k - a potion of cancellation {unknown}
 l - a potion of attraction {unknown}

Dungeon Overview and Level Annotations

Branches:
Dungeon (2/15)

Altars:

Annotations:
D:2 Robin


Message History

The goblin misses you.
You hear a shout!
You shoot a sling bullet. The sling bullet closely misses Robin.
Robin hits you with a +0 mace of protection!
A goblin comes into view. It is wielding a +0 dagger.
The goblin completely misses you. Robin throws the goblin at you!
The goblin hits you but does no damage. x2
You shoot a sling bullet. The sling bullet closely misses Robin.
You hear a shout!
Robin roars a battlecry!
The goblin goes into a battle-frenzy!
The goblin hits you with a +0 club. The goblin hits you but does no damage.
You shoot a sling bullet. The sling bullet barely misses Robin.
The goblin hits you with a +0 club. The goblin misses you.
You shoot a sling bullet. The sling bullet barely misses Robin.
Robin says, "My goblins will feast on your bones."
The goblin closely misses you. The goblin barely misses you.
You furiously retaliate!
You headbutt the goblin, but do no damage.
A goblin comes into view. It is wielding a +0 dagger.
You shoot a sling bullet. The sling bullet barely misses Robin.
Robin misses you. The goblin closely misses you. You furiously retaliate!
You headbutt the goblin!
You kill the goblin!
The goblin hits you with a +0 club. x2
You shoot a sling bullet.
The sling bullet hits Robin but does no damage.
Robin roars a battlecry!
The goblin goes into a battle-frenzy!
The goblin hits you with a +0 club.
You shoot a sling bullet. The sling bullet hits Robin.
Robin is moderately wounded.
The goblin barely misses you.
Robin hits you with a +0 mace of protection.
You shoot a sling bullet. The sling bullet barely misses Robin.
Robin hits you with a +0 mace of protection.
The goblin hits you with a +0 club.
You shoot a sling bullet. The sling bullet barely misses Robin.
Robin hits you with a +0 mace of protection.
You die...

#.........#
........#.#
.%........#
.####.#.### .# #.#.#
.####.#.# .#......#
#.##### .....##
#.ggg)# .#...# #@#
.#.#.# #g# .#.#.#
#.# .#.#.# #.#
.#.#.## #.# .#.#..#
#.# ......# #.#
..8P..# #.#
.8...###########.###


You could see Robin and 3 goblins.

Vanquished Creatures
  An adder skeleton (D:2)
  2 worms (D:1)
  3 dart slugs
  A bat zombie (D:2)
  An endoplasm (D:1)
  A giant cockroach (D:2)
  9 goblins
  7 hobgoblins
  2 jackals (D:2)
  7 kobolds
  6 ball pythons
  2 bats (D:1)
  2 frilled lizards (D:1)
  A giant cockroach zombie (D:2)
  A jackal skeleton (D:2)
  A quokka skeleton (D:2)
  4 rats (D:1)
51 creatures vanquished.

Notes
Turn   | Place    | Note
-------+----------+-------------------------------------------
     0 | D:1      | qw the Minotaur Hexslinger began the quest for the Orb.
     0 | D:1      | Reached XP level 1. HP: 16/16 MP: 1/1
     0 | D:1      | 0 ||| qw: Version: 0.3-a-46-gb1f654a
     0 | D:1      | 0 ||| qw: Game counter: 1887
     0 | D:1      | 0 ||| qw: Melee chars always use a shield: true
     0 | D:1      | 0 ||| qw: God list: Okawaru
     0 | D:1      | 0 ||| qw: Allow faded altars: false
     0 | D:1      | 0 ||| qw: Do Orc after clearing Dungeon:15 true
     0 | D:1      | 0 ||| qw: Do second Lair branch before Depths: true
     0 | D:1      | 0 ||| qw: Lair rune preference: random
     0 | D:1      | 0 ||| qw: Goals: Normal
     0 | D:1      | 0 ||| PLANNING D:1-11
   191 | D:1      | Found a faded altar of an unknown god.
   270 | D:1      | Reached skill level 3 in Ranged Weapons
   272 | D:1      | Reached XP level 2. HP: 23/23 MP: 2/2
   804 | D:1      | Reached XP level 3. HP: 29/29 MP: 3/3
   881 | D:1      | 881 ||| UPGRADING to +0 leather armour.
   891 | D:1      | 891 ||| DROPPING +0 robe.
   892 | D:1      | 892 ||| READING scroll labelled ZOETUG OZUT.
   893 | D:1      | 893 ||| READING scroll labelled BIDWYC XIWEWN.
   897 | D:1      | 897 ||| READING scroll labelled ABLISCH UMPU.
   898 | D:1      | 898 ||| DROPPING scroll of poison.
   919 | D:2      | 919 ||| STAIRDANCE
   934 | D:2      | 934 ||| STAIRDANCE
  1090 | D:2      | Reached skill level 4 in Ranged Weapons
  1444 | D:2      | Noticed Robin
  1445 | D:2      | Reached XP level 4. HP: 36/36 MP: 4/4
  1455 | D:2      | HP: 9/36 [goblin/+0 club[Robin] (5)]
  1457 | D:2      | HP: 4/36 [Robin/+0 mace of protection (2)]
  1457 | D:2      | HP: 1/36 [goblin/+0 club[Robin] (3)]
  1458 | D:2      | Slain by Robin

Levels and vault maps discovered:
D:1:      tarquinn_simple_flora_water_f, layout_loops_corners,
          shapermc_ecumenical_altar_gd, minmay_pentomino_r2
D:2:      layout_basic, serial_undead, serial_undead_c, serial_undead_c,
          serial_undead_d, serial_undead_f, nicolae_wormholes, uniq_robin

Skill      XL: |  1  2  3 |
---------------+----------+-----
Ranged Weapons | 3 4 |  4.5
Fighting       | 2 |  2.0
Dodging        | |  2.1
Spellcasting   | |  1.0
Hexes          | |  2.0

Action                     |  1- 3 |  4- 6 || total
---------------------------+-------+-------++-------
   Fire: Sling             |   153 |    14 ||   167
    Use: Scroll            |     3 |       ||     3
 Armour: Robe              |     3 |       ||     3
         Leather armour    |     9 |     5 ||    14
  Dodge: Dodged            |    43 |     8 ||    51

Table legend:
 A = Non-vault XP
 B = Vault XP
 C = Vault XP percentage of total XP
 D = Non-vault monster count
 E = Vault monster count
 F = Vault count percentage of total count
                 A         B        C        D         E       F
            +---------+---------+-------+---------+---------+-------
      Total |      68 |      31 |  31.3 |      38 |      13 |  25.5
            +---------+---------+-------+---------+---------+-------
        D:1 |      41 |      13 |  24.1 |      24 |       4 |  14.3
        D:2 |      27 |      18 |  40.0 |      14 |       9 |  39.1
            +---------+---------+-------+---------+---------+-------
